 Dungeon Crawl Stone Soup version 0.18.1-48-g4cf74bf (webtiles) character file.

25 NekoKawashu the Skirmisher (level 2, 0/24 HPs)
             Began as a Demonspawn Chaos Knight on July 13, 2016.
             Succumbed to an adder's poison
             ... on level 2 of the Dungeon.
             The game lasted 00:05:42 (1161 turns).

NekoKawashu the Skirmisher (DsCK)                   Turns: 1161, Time: 00:05:43

Health: 0/24       AC: 10    Str: 12    XL:     2   Next: 82%
Magic:  2/2        EV: 11    Int: 13    God:    Xom [..*...]
Gold:   21         SH:  0    Dex: 12    Spells: 0 memorised, 1 level left

rFire  . . .     SeeInvis .     n - -3 short sword (curse)
rCold  . . .     Gourm    .     f - +0 chain mail
rNeg   . . .     Faith    .     (no shield)
rPois  .         Spirit   .     (no helmet)
rElec  .         Dismiss  .     (no cloak)
rCorr  .         Reflect  .     (no gloves)
SustAt .         Harm     .     (no boots)
MR     .....                    j - amulet of rage
Stlth  ..........               l - ring of loudness (curse)
                                d - +6 ring of evasion

@: lethally poisoned (0 -> -1), drained, not resistant to hostile enchantments,
extremely unstealthy
A: slimy green scales 1
a: Renounce Religion, Evoke Berserk Rage


You were on level 2 of the Dungeon.
You worshipped Xom.
You were a toy of Xom.
You were hungry.

You visited 1 branch of the dungeon, and saw 2 of its levels.

You collected 21 gold pieces.

Inventory:

Hand Weapons
 a - a +0 falchion of chaos
 n - a cursed -3 short sword (weapon)
Armour
 b - a +2 leather armour
 f - a +0 chain mail (worn)
Jewellery
 d - a +6 ring of evasion (left hand)
 h - a +2 ring of strength
 j - an amulet of rage (around neck)
 l - a cursed ring of loudness (right hand)
Potions
 e - 2 potions of degeneration {unknown}
 g - a potion of haste {unknown}
 i - a potion of curing {unknown}
Comestibles
 c - a bread ration
 k - a meat ration
 m - a royal jelly


   Skills:
 + Level 3.4(2.3) Fighting
 + Level 3.1(2.1) Long Blades
 + Level 2.0(1.1) Armour
 + Level 1.1(0.2) Dodging


You had one spell level left.
You didn't know any spells.

Dungeon Overview and Level Annotations

Branches:
Dungeon (2/15)

Altars:


Innate Abilities, Weirdness & Mutations

You are partially covered in slimy green scales (AC +2).


Message History

You hit the adder.
The adder is severely wounded.
The adder barely misses you. The adder bites you but does no damage.
You hit the adder.
The adder is almost dead.
* * * LOW HITPOINT WARNING * * *
You feel sick. The adder bites you but does no damage.
You miss the adder.
The adder is almost dead.
The adder barely misses you.
You hit the adder but do no damage.
The adder is almost dead.
The adder barely misses you. The adder bites you but does no damage.
You miss the adder.
The adder is almost dead.
The adder bites you but does no damage.
You miss the adder.
The adder is almost dead.
You die...
Xom is highly amused!

#.# #######.#<#.#. #
#.# #.........#.#.
#.##.####.#####†#.....
#.........# #.#.#.##
####.###### #.#.#...
#.# #.#.#...
#.####.##### #.#(#...
##..........# #.#.#.#.
........@...# #.#...#.
###.....S...# #.#####.
#.........#
#.........#
#.........#
#......?..#
#.........#
#.........#


You could see an adder.

Vanquished Creatures
  A dart slug (D:1)
  4 bats (D:1)
  A giant cockroach (D:1)
  2 goblins (D:1)
  4 hobgoblins (D:1)
  4 kobolds
  4 rats
20 creatures vanquished.

Notes
Turn   | Place    | Note
--------------------------------------------------------------
     0 | D:1      | NekoKawashu the Demonspawn Chaos Knight began the quest for the Orb.
     0 | D:1      | Reached XP level 1. HP: 18/18 MP: 1/1
    59 | D:1      | XOM: silly message
   181 | D:1      | XOM: silly message
   213 | D:1      | Gained mutation: You are partially covered in slimy green scales (AC +2). [demonic ancestry]
   213 | D:1      | Reached XP level 2. HP: 23/24 MP: 2/2
   340 | D:1      | Reached skill level 1 in Dodging
   341 | D:1      | XOM: harmless Summ miscast
   422 | D:1      | XOM: harmless Air miscast
   450 | D:1      | XOM: harmless Pois miscast
   556 | D:1      | XOM: divination: magic mapping
   600 | D:1      | XOM: smoke on damage
  1155 | D:2      | HP: 1/24 [adder (1)]
  1161 | D:2      | Succumbed to an adder's poison

Skill      XL: |  1  2 |
---------------+-------+-----
Long Blades    | 3 |  3.1
Armour         | 2 |  2.0
Dodging        | 1 |  1.1
Fighting       | |  3.4

Action                   || total
-------------------------++-------
Melee: Falchion          ||    75
       Short sword       ||    58
Armor: Leather armour    ||     8
       Chain mail        ||    70
Dodge: Dodged            ||    92
